 Dungeon Crawl Stone Soup version 0.26-a0-491-g70697cc071 (webtiles) character file.

Game seed: 4554611078376290242

27712 Wulf the Severer (level 13, -1/85 HPs)
             Began as a Hill Orc Fighter on Aug 4, 2020.
             Slain by a yak (11 damage)
             ... on level 3 of the Lair of Beasts on Aug 5, 2020.
             The game lasted 01:21:42 (20782 turns).

Wulf the Severer (Hill Orc Fighter)                Turns: 20782, Time: 01:21:42

Health: -1/85      AC: 22    Str: 24    XL:     13   Next: 34%
Magic:  13/13      EV:  6    Int:  8    God:
Gold:   861        SH: 15    Dex: 16    Spells: 12/12 levels left

rFire    . . .     SeeInvis .   a - +0 broad axe
rCold    . . .     Faith    .   c - +0 kite shield
rNeg     . . .     Spirit   .   Y - +0 plate armour
rPois    .         Reflect  .   k - +2 hat
rElec    .         Harm     .   j - scarf {+Inv}
rCorr    .                      y - +0 pair of gloves
MR       .....                  L - +2 pair of boots {Stlth+}
Stlth    ..........             F - amulet of magic regeneration
HPRegen  0.24/turn              r - +4 ring of protection
MPRegen  0.38/turn              A - +6 ring of dexterity

@: no status effects
A: frail 1, MP-powered wands
a: Evoke Invisibility


You were on level 3 of the Lair of Beasts.
You visited 3 branches of the dungeon, and saw 17 of its levels.

You collected 861 gold pieces.

Inventory:

Hand Weapons
 a - a +0 broad axe (weapon)
 v - a +0 flail
 V - a +2 war axe
Missiles
 D - 5 silver javelins (quivered)
Armour
 c - a +0 kite shield (worn)
 j - a scarf of invisibility (worn)
 k - a +2 hat (worn)
 y - a +0 pair of gloves (worn)
 L - a +2 pair of boots of stealth (worn)
 Y - a +0 plate armour (worn)
Jewellery
 d - an uncursed amulet of faith
 m - an uncursed ring of ice
 r - a +4 ring of protection (left hand)
 w - an uncursed ring of magical power
 A - a +6 ring of dexterity (right hand)
 F - an amulet of magic regeneration (around neck)
 O - a +6 ring of intelligence {unknown}
 Q - a +6 ring of intelligence {unknown}
 T - an uncursed ring of resist corrosion {unknown}
 U - an uncursed ring of protection from fire {unknown}
Wands
 J - a wand of iceblast (6)
 P - a wand of flame (25)
 R - a wand of digging (5)
 W - a wand of paralysis (10)
 Z - a wand of disintegration (22)
Scrolls
 b - 2 scrolls of silence
 g - 5 scrolls of immolation
 h - a scroll of fear {unknown}
 o - 3 scrolls of random uselessness
 t - 5 scrolls of amnesia
 u - 5 scrolls of teleportation
 G - a scroll of holy word {unknown}
 S - 4 scrolls of noise
 X - a scroll of brand weapon {unknown}
Potions
 n - 3 potions of heal wounds
 p - a potion of cancellation {unknown}
 q - 2 potions of stabbing
 x - 5 potions of curing
 z - 3 potions of flight {unknown}
 B - 4 potions of might
 C - 3 potions of lignification {unknown}
 E - 2 potions of magic {unknown}
 H - a potion of brilliance {unknown}
 I - a potion of resistance {unknown}
 K - a potion of berserk rage {unknown}
Miscellaneous
 M - a tin of tremorstones (3/3)


   Skills:
 - Level 3.6 Fighting
 - Level 16.1(17.4) Axes
 + Level 10.4(13.4) Maces & Flails
 - Level 4.1 Armour
 - Level 16.1 Shields


You had 12 spell levels left.
You didn't know any spells.
Your spell library contained the following spells:

 Spells                   Type           Power        Failure   Level
 Beastly Appendage        Tmut           #.....       100%        1
 Sting                    Tmut/Pois      #...         100%        1
 Poisonous Vapours        Pois/Air       #.....       100%        2
 Wereblood                Tmut           #.......     100%        2
 Ignite Poison            Fire/Tmut/Pois #.......     100%        3
 Mephitic Cloud           Conj/Pois/Air  #.......     100%        3
 Spider Form              Tmut/Pois      #.........   100%        3
 Cause Fear               Hex            #.........   100%        4
 Ice Form                 Ice/Tmut       #.......     100%        4
 Olgreb's Toxic Radiance  Pois           #.......     100%        4
 Blade Hands              Tmut           #.........   100%        5
 Silence                  Hex/Air        #.........   100%        5
 Yara's Violent Unravell  Hex/Tmut       #.........   100%        5
 Discord                  Hex            #.........   100%        8


Dungeon Overview and Level Annotations

Branches:
Dungeon (13/15)            Temple (0/1) D:7            Lair (3/6) D:10
 Shoals (0/4) Lair:2          Orc (1/2) D:12
  Snake: Lair:2-4    Spider: Lair:2-4    Vaults: D:13-14

Altars:
Ashenzari
Cheibriados
Fedhas
Hepliaklqana
Kikubaaqudgha
Qazlal
Sif Muna
Uskayaw
Vehumet
Xom
Zin
The Shining One

Shops:
D:9 =:=

Annotations:
D:3 1 transporter, YoungGLord's ghost, amateur GrEE
D:10 2 transporters, Tinttamiau's ghost, journeyman TeCj
Lair:3 Gastronok


Innate Abilities, Weirdness & Mutations

You are frail. (-10% HP)
You expend magic power (3 MP) to strengthen your wands.


Message History

You block the bat's attack.
You barely miss the yak.
The yak is moderately wounded.
You slash the yak! You block the bat's attack. You block the yak's attack.
You block the bat's attack. The yak gores you but does no damage.
You block the komodo dragon's attack. You block the bat's attack.
You slice the yak!!
The yak is heavily wounded.
You barely miss the bat. You slash the yak! You slash the komodo dragon!
The bat hits you but does no damage. x2; The komodo dragon bites you!!
You block the yak's attack.
Gastronok waves his eye-stalks in wide circles.
The air twists around and strikes you!!
* * * LOW HITPOINT WARNING * * *
You block the river rat's attack. The bat hits you.
* * * LOW HITPOINT WARNING * * *
You block the komodo dragon's attack. The yak gores you!
* * * LOW HITPOINT WARNING * * *
The yak gores you!
You die...

##P ####.# ....
###.#..# ## ...
###.##..###.# ..#
#.<.........# .
#.###P..........##
....#..#.†...w...†...#
.......†††.†...YDY..P#
...............rlb..##
.....###.#.....Y@Y...#
..#+ #.....##....##.#
. #.......#.....###
##.....#......#
#...⌠.........#
.#.....#..⌠..##
............#
⌠.......##


You could see Gastronok (swift), an eight-headed hydra, a komodo dragon, 4 yaks,
a river rat (summoned) and a bat (summoned).

Vanquished Creatures
  A hydra (D:12)
  A centaur warrior (D:13)
  3 two-headed ogres
  Nergalle (Lair:2)
  Urug (Lair:1)
  A cyclops (D:12)
  A manticore (D:12)
  An ugly thing (D:12)
  4 elephants (Lair:2)
  A black mamba (Lair:1)
  3 cane toads
  2 gargoyles
  Maggie (D:6)
  A centaur skeleton (D:12)
  A komodo dragon (Lair:1)
  3 kobold demonologists
  A merfolk (Lair:2)
  3 trolls
  A polar bear (Lair:2)
  A hornet (D:12)
  6 hippogriffs
  Grinder (D:4)
  29 yaks
  Eustachio (D:5)
  2 basilisks (D:10)
  5 water moccasins
  6 porcupines
  2 ice beasts
  5 orc warriors
  3 sky beasts
  5 black bears
  3 phantoms
  8 ogres
  6 wolves
  7 big kobolds
  6 crocodiles
  18 centaurs
  15 bullfrogs
  A wyvern zombie (D:9)
  A water moccasin zombie (D:10)
  A wyvern skeleton (D:13)
  9 scorpions
  6 killer bees (D:11)
  9 wights
  The ghost of sanka the Sneak, a weakling HaDe (D:4)
  2 electric eels
  5 howler monkeys
  3 bullfrog zombies
  2 centaur zombies
  2 quasits
  5 bullfrog skeletons
  7 hounds
  6 jellies
  8 orc wizards
  3 orc priests
  An iguana (D:11)
  8 worker ants
  A hound skeleton (D:9)
  2 worker ant zombies
  11 adders
  4 gnolls (D:5)
  5 shadow imps
  A white imp (D:8)
  4 ufetubi
  3 adder skeletons
  4 adder zombies
  4 worms
  4 leopard geckos
  44 orcs
  8 giant cockroaches
  4 goblins
  10 hobgoblins
  10 jackals
  35 kobolds
  5 quokkas
  A ball python (D:7)
  7 bats
  10 frilled lizards
  A jackal skeleton (D:3)
  4 kobold skeletons (D:8)
  14 kobold zombies (D:8)
  A leopard gecko skeleton (D:5)
  2 leopard gecko zombies (D:6)
  6 rats
445 creatures vanquished.

Vanquished Creatures (others)
  A howler monkey (D:4)
  An iguana (D:4)
  2 worker ants (D:4)
  A leopard gecko (D:4)
  An orc (D:4)
  2 fungi (Lair:2)
  11 plants (D:10)
19 creatures vanquished.

Grand Total: 464 creatures vanquished

Notes
Turn   | Place    | Note
-------+----------+-------------------------------------------
     0 | D:1      | Wulf the Hill Orc Fighter began the quest for the Orb.
     0 | D:1      | Reached XP level 1. HP: 19/19 MP: 1/1
    64 | D:1      | Reached XP level 2. HP: 24/26 MP: 2/2
   662 | D:2      | Reached XP level 3. HP: 31/31 MP: 3/3
   793 | D:2      | Reached skill level 5 in Axes
  1444 | D:2      | Reached XP level 4. HP: 39/39 MP: 4/4
  1703 | D:3      | Noticed YoungGLord's ghost (amateur GrEE)
  1876 | D:3      | Noticed an ogre
  1900 | D:3      | Killed an ogre
  1900 | D:3      | Reached XP level 5. HP: 31/45 MP: 5/5
  2075 | D:3      | Found a shattered altar of Ashenzari.
  2323 | D:3      | Reached XP level 6. HP: 50/51 MP: 6/6
  2352 | D:3      | Found a transporter.
  2441 | D:3      | Found a transporter.
  2795 | D:4      | Noticed a phantom
  2824 | D:4      | Killed a phantom
  3098 | D:4      | Found a hide-covered altar of Uskayaw.
  3111 | D:4      | Reached XP level 7. HP: 57/57 MP: 7/7
  3117 | D:4      | Found a shimmering altar of Xom.
  3132 | D:4      | Reached skill level 10 in Axes
  3240 | D:4      | Noticed Grinder
  3247 | D:4      | Paralysed by Grinder for 3 turns
  3255 | D:4      | Paralysed by Grinder for 3 turns
  3258 | D:4      | Killed Grinder
  3964 | D:4      | Found a glowing silver altar of Zin.
  4016 | D:4      | Found a runed translucent gate.
  4017 | D:4      | Found a runed translucent gate.
  4017 | D:4      | Found a runed translucent gate.
  4018 | D:4      | Noticed sanka's ghost (weakling HaDe)
  4035 | D:4      | Killed sanka's ghost
  4035 | D:4      | Reached XP level 8. HP: 54/64 MP: 8/8
  4204 | D:5      | Entered Level 5 of the Dungeon
  4454 | D:5      | Found a shimmering blue altar of Sif Muna.
  4594 | D:5      | Noticed Eustachio
  4710 | D:5      | Killed Eustachio
  4911 | D:5      | Found a blossoming altar of Fedhas.
  4996 | D:5      | Found a hazy altar of Hepliaklqana.
  5966 | D:6      | Reached XP level 9. HP: 70/70 MP: 9/9
  6193 | D:6      | Noticed Maggie
  6206 | D:6      | Killed Maggie
  7061 | D:7      | Reached skill level 15 in Axes
  7262 | D:7      | Found a staircase to the Ecumenical Temple.
  7342 | D:7      | Found a stormy altar of Qazlal.
  7503 | D:7      | Noticed a gargoyle
  7517 | D:7      | Killed a gargoyle
  8139 | D:8      | Reached skill level 5 in Shields
  8141 | D:8      | Reached XP level 10. HP: 77/77 MP: 10/10
  8455 | D:8      | Noticed a kobold demonologist
  8470 | D:8      | Killed a kobold demonologist
  8491 | D:8      | Found an ancient bone altar of Kikubaaqudgha.
  8515 | D:8      | Gained mutation: You are frail. (-10% HP) [potion of
                  | mutation]
  8515 | D:8      | Gained mutation: You expend magic power (3 MP) to
                  | strengthen your wands. [potion of mutation]
  8858 | D:8      | Found a radiant altar of Vehumet.
  9071 | D:9      | Found Pexeick's Book Shoppe.
  9401 | D:9      | Found Lomy's Jewellery Shop.
  9479 | D:9      | Found a glowing golden altar of the Shining One.
  9554 | D:9      | Reached skill level 10 in Shields
  9679 | D:9      | Found Wemunlikk's Jewellery Shoppe.
  9897 | D:10     | Entered Level 10 of the Dungeon
  9991 | D:10     | Reached XP level 11. HP: 69/73 MP: 11/11
 10048 | D:10     | Found a transporter.
 10053 | D:10     | Noticed a deep troll earth mage
 10057 | D:10     | Noticed Tinttamiau's ghost (journeyman TeCj)
 10065 | D:10     | Found a transporter.
 10075 | D:10     | Noticed a two-headed ogre
 10317 | D:10     | Killed a two-headed ogre
 10683 | D:10     | Found a staircase to the Lair.
 11689 | D:11     | Found a snail-covered altar of Cheibriados.
 13129 | D:12     | Noticed a two-headed ogre
 13142 | D:12     | Killed a two-headed ogre
 13142 | D:12     | Reached XP level 12. HP: 77/81 MP: 12/12
 13289 | D:12     | Noticed a four-headed hydra
 13311 | D:12     | Noticed a seven-headed hydra
 13346 | D:12     | Reached skill level 15 in Shields
 13737 | D:12     | Found the +4 robe of Augmentation {Str+4 Int+4 Dex+4}
 13869 | D:13     | Noticed a centaur warrior
 13884 | D:13     | Killed a centaur warrior
 14060 | D:13     | Noticed a sun demon
 14418 | D:12     | Noticed a two-headed ogre
 14429 | D:12     | Killed a two-headed ogre
 14903 | Lair:1   | Entered Level 1 of the Lair of Beasts
 15619 | D:12     | Reached skill level 1 in Maces & Flails
 15906 | D:12     | Killed a four-headed hydra
 16453 | D:12     | Found a staircase to the Orcish Mines.
 16486 | Orc:1    | Entered Level 1 of the Orcish Mines
 17380 | Lair:1   | Noticed Urug
 17392 | Lair:1   | Reached skill level 5 in Maces & Flails
 17408 | Lair:1   | Killed Urug
 18489 | Lair:1   | Reached XP level 13. HP: 85/85 MP: 13/13
 19403 | Lair:2   | Noticed Nergalle
 19423 | Lair:2   | Killed Nergalle
 19845 | Lair:2   | Found a staircase to the Shoals.
 20425 | Lair:2   | Reached skill level 10 in Maces & Flails
 20745 | Lair:3   | Noticed Gastronok
 20782 | Lair:3   | Slain by a yak

Illustrated notes

Levels and vault maps discovered:
D:1:      dpeg_arrival_tiny_i, layout_basic, due_unseen_surprise
D:2:      layout_loops_ring
D:3:      layout_basic, nicolae_ashenzari_panopticon, gammafunk_ghost_stat_death
D:4:      layout_basic, eat_drink_and_be_merry_uskayaw, zin_statuary,
          xom_confusion_cloud, ebering_ghost_rock_garden, minmay_door_square,
          uniq_grinder
D:5:      layout_loops_ring, lemuel_doored_altar, marbit_many_paths,
          lemuel_round_altar, roderic_lattice_a, lemuel_flamethrower_2,
          uniq_eustachio
D:6:      layout_layer_cave, nrook_campfire, glass_columns_a, uniq_maggie
D:7:      layout_loops_corners, minmay_temple_entry_junction,
          grunt_qazlal_sundering
D:8:      wander_kiku_kobolds, layout_cave_pools, fiery_altar_vehumet,
          serial_column_ruins, column_ruins_hut, column_ruins_square_large,
          column_ruins_grid_1, column_ruins_open_small,
          column_ruins_columns_straight, column_ruins_open_tiny,
          grunt_ministairs_1
D:9:      layout_roguey, old_standard_altar, serial_shops, shop, shop,
          nicolae_shop_stone
D:10:     layout_loops_corners, minmay_lair_entry_grove, gammafunk_ghost_arena
D:11:     layout_basic, basic_altar
D:12:     layout_stronghold, david_orc_2, serial_rivers,
          chequers_serial_rivers_small_3, chequers_serial_rivers_room_a,
          chequers_serial_rivers_micro_c, chequers_serial_rivers_marsh,
          chequers_serial_rivers_micro_b
D:13:     layout_roguey, david_vaults_4, uniq_sonja
Lair:1:   layout_layer_cave, serial_bayou_shore_a, uniq_urug
Lair:2:   layout_cave_pods, elwin_shoals_entry_rooms, st_stairs_6, uniq_nergalle
Lair:3:   layout_roguey, minmay_snake_entry_guardpost_small,
          nicolae_quartered_pool_super, grunt_megastairs_3, lemuel_fruit_fields,
          minmay_lair_oklob_chamber, uniq_gastronok
Orc:1:    cheibrodos_orc_guarddog, layout_caves, abandoned_shop,
          nicolae_orc_flooded_monolith, uniq_josephine

Skill      XL: |  1  2  3  4  5  6  7  8  9 10 11 12 13 |
---------------+----------------------------------------+-----
Axes           | 3 4 5 7 8 9 11 14 16 | 16.1
Shields        | 5 11 14 16 | 16.1
Armour         | 4 |  4.1
Maces & Flails | 7 10 | 10.4
Fighting       | |  3.6

Action                   |  1- 3 |  4- 6 |  7- 9 | 10-12 | 13-15 || total
-------------------------+-------+-------+-------+-------+-------++-------
Melee: War axe           |    90 |   133 |   400 |   913 |   191 ||  1727
       Flail             |       |       |       |   110 |       ||   110
       Broad axe         |       |       |       |       |    47 ||    47
  Use: Scroll            |       |     1 |     4 |    11 |     6 ||    22
       Potion            |       |     1 |     3 |     2 |       ||     6
 Stab: Sleeping          |       |       |     2 |       |       ||     2
Armor: Scale mail        |    56 |    90 |   140 |       |       ||   286
       Swamp dragon scal |       |       |    49 |   137 |       ||   186
       Plate armour      |       |       |       |   235 |   129 ||   364
       Skin              |       |       |       |     2 |       ||     2
Dodge: Dodged            |    36 |    42 |   119 |   221 |    35 ||   453
Block: Kite shield       |    62 |    81 |   180 |   645 |   182 ||  1150

Table legend: (Time is in decaauts)
 A = Elapsed time spent in this place.
 B = Non-inter-level travel time spent in this place.
 C = Inter-level travel time spent in this place.
 D = Time resting spent in this place.
 E = Time spent auto-exploring this place.
 F = Levels seen in this place.
 G = Mean time per level.
                   A        B        C        D        E       F      G
               +--------+--------+--------+--------+--------+-----+--------+
         Total |  20528 |  19795 |    733 |   5825 |   7943 |  17 | 1207.5 |
       Dungeon |  16898 |  16165 |    733 |   4698 |   6237 |  13 | 1299.8 |
          Lair |   3574 |   3574 |      0 |   1127 |   1706 |   3 | 1191.3 |
  Orcish Mines |     56 |     56 |      0 |      0 |      0 |   1 |   56.0 |
               +--------+--------+--------+--------+--------+-----+--------+

Top non-repeatable levels by time:
    D:12: 2721 daAuts
    D:11: 2057 daAuts
  Lair:2: 1775 daAuts
  Lair:1: 1744 daAuts
    D:10: 1531 daAuts
     D:4: 1450 daAuts
     D:6: 1345 daAuts
     D:5: 1337 daAuts
     D:9: 1182 daAuts
     D:8: 1156 daAuts
     D:3: 1125 daAuts
     D:7: 1061 daAuts
     D:2: 1038 daAuts
     D:1: 670 daAuts
    D:13: 220 daAuts
